 Dungeon Crawl Stone Soup version 0.22.1-1-ga44c0e5 (webtiles) character file.

14772 Fang the Cleaver (level 12, -2/77 HPs)
             Began as a Gargoyle Berserker on Oct 9, 2018.
             Was a High Priest of Trog.
             Slain by a komodo dragon (11 damage)
             ... on level 1 of the Lair of Beasts.
             The game lasted 00:17:56 (13231 turns).

Fang the Cleaver (Gargoyle Berserker)              Turns: 13231, Time: 00:17:57

Health: -2/77      AC: 18    Str: 25    XL:     12   Next: 20%
Magic:  12/12      EV: 13    Int:  9    God:    Trog [*****.]
Gold:   484        SH:  0    Dex:  9    Spells: 11/11 levels left

rFire    + . .     SeeInvis .   o - +0 war axe
rCold    + + .     Gourm    .   (no shield)
rNeg     + . .     Faith    .   m - +1 ring mail of Riwi Xohall {rC+}
rPois    ∞         Spirit   .   r - +1 helmet
rElec    +         Reflect  .   (no cloak)
rCorr    .         Harm     .   (no gloves)
MR       .....                  (no boots)
Stlth    +.........             (no amulet)
HPRegen  0.22/turn              s - ring of protection from fire
MPRegen  0.13/turn              v - ring of protection from cold

@: berserk cooldown
A: negative energy resistance 1, electricity resistance, unbreathing,
petrification resistance, rot immunity, AC +8
a: Berserk, Trog's Hand, Brothers in Arms, Renounce Religion


You were on level 1 of the Lair of Beasts.
You worshipped Trog.
Trog was extremely pleased with you.
You were not hungry.

You visited 3 branches of the dungeon, and saw 13 of its levels.

You collected 484 gold pieces.

Inventory:

Hand Weapons
 o - a +0 war axe (weapon)
Armour
 b - a +1 animal skin
 m - the +1 ring mail of Riwi Xohall (worn) {rC+}
   (You found it on level 5 of the Dungeon)

   It protects you from cold.
 r - a +1 helmet (worn)
Jewellery
 n - an uncursed ring of flight
 q - an uncursed ring of magical power
 s - a ring of protection from fire (left hand)
 v - a ring of protection from cold (right hand)
 C - an uncursed ring of ice {unknown}
Wands
 a - a wand of acid (3)
 w - a wand of iceblast (5)
 x - a wand of digging (23)
 y - a wand of disintegration (11)
 A - a wand of polymorph (12)
Scrolls
 d - 4 scrolls of magic mapping
 i - a scroll of fog
 k - 4 scrolls of teleportation
 u - 2 scrolls of identify
 z - 3 scrolls of remove curse
 D - a scroll of fear
Potions
 e - 2 potions of invisibility
 f - 2 potions of flight
 g - 5 potions of haste
 h - a potion of berserk rage
 j - 4 potions of curing
 l - 4 potions of heal wounds
 p - 6 potions of brilliance
 t - a potion of might
 E - a potion of resistance
Comestibles
 c - 22 rations
 B - 2 chunks of flesh


   Skills:
 + Level 10.1 Fighting
 + Level 13.1 Axes
 + Level 7.7 Armour
 + Level 5.8 Dodging
 + Level 3.3 Stealth


You had 11 spell levels left.
You didn't know any spells.
Your spell library was empty.

Dungeon Overview and Level Annotations

Branches:
Dungeon (11/15)            Temple (1/1) D:6            Lair (1/6) D:11
    Orc (0/2) D:11

Altars:
Gozag
Kikubaaqudgha
Nemelex Xobeh
Uskayaw
Xom

Shops:
D:6 [   D:7 ?

Annotations:
D:6 Prince Ribbit
D:9 3 runed doors, yevrey's ghost, novice GrEE
D:11 3 runed doors, topirishpotato's ghost, novice DDFi
Lair:1 DCrawler215's ghost, journeyman GrEE


Innate Abilities, Weirdness & Mutations

You are resistant to torment.
Your stone body is resilient. (AC +8)
You are immune to poison.
You resist negative energy. (rN+)
You are resistant to electric shocks. (rElec)
You can survive without breathing.
You are immune to petrification.
You are immune to rotting.


Message History

You closely miss the komodo dragon.
The komodo dragon is lightly wounded.
The komodo dragon bites you but does no damage.
You slash the komodo dragon!
The komodo dragon is moderately wounded.
The komodo dragon bites you but does no damage.
Unknown command.
You slash the komodo dragon!
The komodo dragon is heavily wounded.
The komodo dragon bites you.
* * * LOW HITPOINT WARNING * * *
Unknown command.
You slash the komodo dragon!
The komodo dragon is severely wounded.
The komodo dragon closely misses you.
Unknown command.
You hit the komodo dragon but do no damage.
The komodo dragon is severely wounded.
The komodo dragon bites you!
You die...

......#
######......###.##......####
...(........................
............................
............................
............................
..[.........................
................††..†.......
...###..........@l..††......
##..##...#.##.#..+#.........
##.###............#.....####
#..# #...#........#..†..#
...###...#........+.....#
#...##...#.................
...P##....................#
...###............#.....#.#
#### #...#................#


You could see a komodo dragon.

Vanquished Creatures
  Fannar (D:10)
  4 ugly things
  A black mamba (Lair:1)
  A gargoyle (D:11)
  4 spiny frogs (Lair:1)
  2 trolls (D:11)
  2 hippogriffs
  Grinder (D:6)
  A spriggan (D:7)
  4 wyverns
  14 yaks
  A steam dragon (D:11)
  Eustachio (D:6)
  2 hungry ghosts
  The ghost of GgHarvester the Slasher, an amateur HuWr (D:3)
  A warg (D:11)
  An acid dragon (D:11)
  2 water moccasins (Lair:1)
  4 orc warriors
  6 sky beasts
  An ice beast (D:9)
  5 phantoms
  7 ogres
  A big kobold (D:8)
  6 centaurs
  A crocodile (Lair:1)
  7 bullfrogs
  2 scorpions
  7 wights
  A howler monkey (D:6)
  3 crimson imps
  2 centaur zombies
  A quasit (D:11)
  3 bullfrog zombies
  A hound (D:10)
  A jelly (D:7)
  10 orc priests
  A bullfrog skeleton (D:7)
  2 centaur skeletons
  Crazy Yiuf (D:6)
  2 iguanas
  9 orc wizards
  A worker ant (D:6)
  2 worker ant zombies
  A howler monkey zombie (D:9)
  17 adders
  5 gnolls
  4 shadow imps
  3 oozes
  An adder zombie (D:8)
  2 worms
  5 leopard geckos
  45 orcs
  2 ball pythons
  7 giant cockroaches
  7 goblins
  9 hobgoblins
  6 jackals
  13 kobolds
  4 quokkas
  10 bats
  4 frilled lizards
  A jackal skeleton (D:5)
  A leopard gecko zombie (D:5)
  6 rats
  A fungus (Lair:1)
285 creatures vanquished.

Vanquished Creatures (collateral kills)
  2 spiny frogs (Lair:1)
  2 yaks (Lair:1)
4 creatures vanquished.

Vanquished Creatures (others)
  An ogre (D:9)
  2 fungi (D:6)
  4 plants (D:9)
7 creatures vanquished.

Grand Total: 296 creatures vanquished

Notes
Turn   | Place    | Note
-------+----------+-------------------------------------------
     0 | D:1      | Fang the Gargoyle Berserker began the quest for the Orb.
     0 | D:1      | Reached XP level 1. HP: 14/14 MP: 1/1
    82 | D:1      | Reached XP level 2. HP: 15/19 MP: 2/2
   188 | D:1      | Reached skill level 3 in Axes
   289 | D:1      | Reached XP level 3. HP: 13/24 MP: 3/3
  1071 | D:2      | Reached XP level 4. HP: 23/30 MP: 4/4
  1340 | D:2      | Reached ** piety under Trog
  1549 | D:2      | Reached XP level 5. HP: 19/34 MP: 5/5
  2154 | D:3      | Noticed GgHarvester's ghost (amateur HuWr)
  2156 | D:3      | Found a runed gate.
  2160 | D:3      | Found a runed gate.
  2160 | D:3      | Found a runed gate.
  2163 | D:3      | Reached skill level 4 in Axes
  2176 | D:3      | Killed GgHarvester's ghost
  2176 | D:3      | Reached skill level 5 in Fighting
  2176 | D:3      | Reached XP level 6. HP: 40/40 MP: 6/6
  2585 | D:4      | Noticed a phantom
  2594 | D:4      | Reached *** piety under Trog
  2608 | D:4      | Killed a phantom
  2608 | D:4      | Reached skill level 5 in Axes
  2608 | D:4      | Reached skill level 1 in Stealth
  2694 | D:4      | Reached XP level 7. HP: 43/44 MP: 7/7
  3223 | D:4      | Found an ancient bone altar of Kikubaaqudgha.
  3385 | D:5      | Entered Level 5 of the Dungeon
  3388 | D:5      | Found an opulent altar of Gozag.
  3467 | D:5      | Reached skill level 6 in Axes
  3558 | D:5      | Got a smoking ring mail
  3569 | D:5      | Identified the +1 ring mail of Riwi Xohall {rC+} (You found
                  | it on level 5 of the Dungeon)
  4156 | D:5      | Reached XP level 8. HP: 51/51 MP: 8/8
  4597 | D:6      | Noticed Prince Ribbit
  4718 | D:6      | Found a staircase to the Ecumenical Temple.
  4753 | Temple   | Entered the Ecumenical Temple
  4993 | D:6      | Found Sawk's Antique Armour Boutique.
  5004 | D:6      | Reached skill level 7 in Axes
  5132 | D:6      | Noticed Eustachio
  5147 | D:6      | Noticed Grinder
  5166 | D:6      | Killed Grinder
  5172 | D:6      | Killed Eustachio
  6002 | D:6      | Found a runed door.
  6006 | D:6      | Noticed Crazy Yiuf
  6014 | D:6      | Killed Crazy Yiuf
  6014 | D:6      | Reached XP level 9. HP: 56/56 MP: 9/9
  6215 | D:7      | Found a sparkling altar of Nemelex Xobeh.
  6215 | D:7      | Found Qiureghi's Magic Scroll Shop.
  6552 | D:7      | Reached skill level 8 in Axes
  6564 | D:7      | Reached **** piety under Trog
  7114 | D:7      | Reached skill level 9 in Axes
  7309 | D:7      | Reached skill level 5 in Armour
  7380 | D:7      | Found a hide-covered altar of Uskayaw.
  7586 | D:8      | Reached XP level 10. HP: 63/63 MP: 10/10
  7921 | D:8      | Reached skill level 10 in Axes
  8005 | D:8      | Paralysed by fainting for 10 turns
  8026 | D:8      | Reached ***** piety under Trog
  8557 | D:9      | Found a runed gate.
  8563 | D:9      | Found a runed gate.
  8563 | D:9      | Found a runed gate.
  8563 | D:9      | Noticed an 11-headed hydra
  8564 | D:9      | Noticed yevrey's ghost (novice GrEE)
  8564 | D:9      | Noticed a nine-headed hydra
  8566 | D:9      | Found a shimmering altar of Xom.
  8739 | D:9      | Found the +9 scales of the Dragon King {rPois rF+ rC+ MR+}
  9042 | D:9      | Noticed a green ugly thing
  9056 | D:9      | Killed a green ugly thing
  9056 | D:9      | Reached skill level 11 in Axes
  9056 | D:9      | Reached skill level 5 in Dodging
  9224 | D:9      | Received a gift from Trog
  9237 | D:9      | Reached XP level 11. HP: 36/69 MP: 11/11
  9776 | D:10     | Entered Level 10 of the Dungeon
  9833 | D:10     | Noticed Fannar
  9853 | D:10     | Killed Fannar
 10380 | D:11     | Noticed a brown ugly thing
 10394 | D:11     | Killed a brown ugly thing
 10564 | D:11     | Reached skill level 12 in Axes
 10735 | D:11     | Found a runed gate.
 10735 | D:11     | Found a runed gate.
 10735 | D:11     | Found a runed gate.
 10735 | D:11     | Noticed a minotaur
 10936 | D:11     | Noticed topirishpotato's ghost (novice DDFi)
 11041 | D:11     | Noticed a cyan ugly thing
 11054 | D:11     | Killed a cyan ugly thing
 11192 | D:11     | Found a staircase to the Orcish Mines.
 11664 | D:11     | Noticed a white ugly thing
 11677 | D:11     | Killed a white ugly thing
 12072 | D:11     | Found a staircase to the Lair.
 12796 | Lair:1   | Entered Level 1 of the Lair of Beasts
 13049 | Lair:1   | Noticed DCrawler215's ghost (journeyman GrEE)
 13135 | Lair:1   | Found the amulet of the Air {Inacc +Fly rElec EV+5 RMsl}
 13169 | Lair:1   | Reached XP level 12. HP: 77/77 MP: 12/12
 13188 | Lair:1   | Reached skill level 10 in Fighting
 13196 | Lair:1   | Reached skill level 13 in Axes
 13231 | Lair:1   | Slain by a komodo dragon

Skill      XL: |  1  2  3  4  5  6  7  8  9 10 11 12 |
---------------+-------------------------------------+-----
Axes           | 3 4 5 6 7 9 11 12 13 | 13.1
Fighting       | 4 5 6 7 8 9 10 | 10.1
Dodging        | 2 3 4 5 |  5.8
Stealth        | 1 2 3 |  3.3
Armour         | 3 5 6 7 |  7.7

Action                   |  1- 3 |  4- 6 |  7- 9 | 10-12 || total
-------------------------+-------+-------+-------+-------++-------
Melee: Hand axe          |    79 |    94 |       |       ||   173
       War axe           |       |    78 |   427 |   641 ||  1146
Invok: Berserk           |     1 |     2 |     8 |     8 ||    19
       Brothers in Arms  |       |       |       |     1 ||     1
  Use: Scroll            |       |     6 |    13 |     4 ||    23
       Potion            |       |       |       |     2 ||     2
 Stab: Sleeping          |       |     1 |     1 |     2 ||     4
  Eat: Chunk             |     1 |     8 |    16 |    18 ||    43
       Ration            |       |       |     2 |     4 ||     6
Armor: Animal skin       |    33 |    57 |    34 |       ||   124
       Ring mail         |       |       |   220 |   302 ||   522
Dodge: Dodged            |    54 |   151 |   297 |   368 ||   870
